 Dungeon Crawl Stone Soup version 0.31.0-12-g77e489cdc1 (webtiles) character file.

Game seed: 2619486858019079347

1355 Killerpretzel the Changeling (level 8, -11/54 HPs)
             Began as an Octopode Shapeshifter on Mar 1, 2024.
             Was an Initiate of Vehumet.
             Killed from afar by a steam dragon (13 damage)
             ... with a ball of steam
             ... on level 6 of the Dungeon.
             The game lasted 00:10:02 (5702 turns).

Killerpretzel the Changeling (OpSh)                 Turns: 5702, Time: 00:10:03

Health: -11/54     AC:  1    Str: 14    XL:     8   Next: 63%
Magic:  8/8        EV: 14    Int: 12    God:    Vehumet [......]
Gold:   213        SH:  0    Dex: 13    Spells: 7/7 levels left

rFire   . .          .
                       - Unarmed
rCold   . . .        (no shield)
rNeg    . . .        (helmet currently unavailable)
rPois   .            (no amulet)
rElec   .            (no ring)
rCorr   .            (no ring)
SInv    .            (no ring)
Will    .....        (no ring)
Stlth   ++           (no ring)
HPRegen 0.29/turn    (no ring)
MPRegen 0.11/turn    (no ring)
                     (no ring)

%: no passive effects
@: beast-form
A: beast (slay +3), almost no armour, amphibious, 8 rings, camouflage 1,
gelatinous body 1, (nimble swimmer 1), tentacles
a: Begin Untransformation, Renounce Religion


You were on level 6 of the Dungeon.
You worshipped Vehumet.
Vehumet was noncommittal.
You were a hulking beast.
You visited 2 branches of the dungeon, and saw 7 of its levels.

You collected 213 gold pieces.

Inventory:

Missiles
 e - 8 boomerangs (quivered)
Talismans
 b - a beast talisman
 c - a flux talisman
 k - a blade talisman
Wands
 n - a wand of roots (7)
Scrolls
 g - 4 scrolls of teleportation
 o - a scroll of noise
Potions
 a - a potion of mutation
 d - a potion of lignification
 f - a potion of invisibility
 h - a potion of enlightenment
 i - 3 potions of heal wounds
 j - a potion of brilliance {unknown}
 m - 2 potions of curing


   Skills:
 + Level 4.5 Fighting
 + Level 4.9 Dodging
 + Level 5.4 Unarmed Combat
 * Level 6.7 Shapeshifting


You had 7 spell levels left.
You didn't know any spells.
Your spell library contained the following spells:

 Spells                   Type           Power      Damage    Failure   Level
 Magic Dart               Conj           0%         1d3       32%         1
 Lesser Beckoning         Tloc           0%         N/A       45%         2
 Searing Ray              Conj           0%         2d4       45%         2
 Dazzling Flash           Conj/Hex       0%         N/A       69%         3
 Frozen Ramparts          Ice            0%         1d1       69%         3
 Gell's Gravitas          Tloc           0%         N/A       69%         3
 Teleport Other           Tloc           0%         N/A       69%         3
 Volatile Blastmotes      Fire/Tloc      0%         2d10      69%         3
 Fulminant Prism          Conj/Alch      0%         3d5       97%         4
 Leda's Liquefaction      Alch/Erth      0%         N/A       97%         4
 Petrify                  Alch/Erth      0%         N/A       97%         4
 Metabolic Englaciation   Hex/Ice        0%         N/A       100%        5
 Dispersal                Tloc           0%         N/A       100%        6
 Starburst                Conj/Fire      0%         6d3       100%        6
 Maxwell's Capacitive Co  Air            0%         ∞         100%        8


Dungeon Overview and Level Annotations

Branches:
Dungeon (6/15)             Temple (1/1) D:6

Altars:
Cheibriados
Dithmenos
Elyvilon
Fedhas
Gozag
Hepliaklqana
Kikubaaqudgha
Makhleb
Nemelex Xobeh
Okawaru
Qazlal
Ru
Sif Muna
Trog
Vehumet
Zin
The Shining One

Shops:
D:3 ?   D:5 *

Annotations:
D:4 1 runed translucent door, Crazy Yiuf


Innate Abilities, Weirdness & Mutations

You are a hulking beast.
Your limbs bulge with bestial killing power. (Slay +3)
You cannot wear most types of armour.
You are amphibious.
You can wear up to eight rings at the same time.
Your skin changes colour to match your surroundings (Stealth+).
Your rubbery body absorbs attacks. (AC +1, EV +1)
((You are camouflaged when in or above water. (Stealth+)))
You have tentacles for arms and can constrict up to eight enemies at once.


Message History

No target in view!
No target in view!
You now have 213 gold pieces (gained 6).
Items here: ))))) [[[[ †††.
There is a stone staircase leading down here.
A steam dragon comes into view.
The steam dragon hisses angrily.
The steam dragon breathes steam at you. The ball of steam hits you!
You hear a shout!
You hear a loud, deep croak!
You tentacle-slap the steam dragon but do no damage.
You are engulfed in a cloud of scalding steam.
The steam dragon misses you. The steam dragon closely misses you.
You are too injured to fight recklessly!
You are too injured to fight recklessly!
You are too injured to fight recklessly!
You are too injured to fight recklessly!
You are too injured to fight recklessly!
You are too injured to fight recklessly!
You are too injured to fight recklessly!
You're standing in a cloud of steam!
You tentacle-slap the steam dragon.
The steam dragon is lightly wounded.
You are engulfed in a cloud of scalding steam.
The steam dragon bites you. The steam dragon closely misses you.
An orc comes into view. It is wielding a +0 short sword.
You bludgeon the steam dragon!
The steam dragon is moderately wounded.
The steam dragon bites you!
* * * LOW HITPOINT WARNING * * *
The steam dragon misses you.
You closely miss the steam dragon.
The steam dragon is moderately wounded.
The steam dragon bites you.
* * * LOW HITPOINT WARNING * * *
The steam dragon claws you.
* * * LOW HITPOINT WARNING * * *
The steam dragon breathes steam at you. The ball of steam hits you!
You die...

..#..# ##...# ## #....###...
#§§#o..#.## ###§........#
######...§.?......
#......##........#
#...#####.D......# .. .#
#..># #.hF!....# #. .# #...##
#........# #.###.#.
#....####........###...#.#.
#....).##..................
######..#..................
##.####.###........†#.
#..###.# #.........#.
##########.....###.##.....###
#.....##.8.#.####.......)..#.


You could see a steam dragon (catching breath), a bullfrog and an orc.

Vanquished Creatures
  A wyvern (D:6)
  3 ice beasts
  2 ogres
  A phantom (D:6)
  A bullfrog (D:6)
  A scorpion (D:5)
  A howler monkey (D:6)
  2 bombardier beetles
  A gnoll bouda (D:6)
  An orc priest (D:3)
  3 hounds
  2 sleepcaps
  An orc wizard (D:6)
  5 gnolls (D:6)
  6 adders
  2 ufetubi (D:4)
  2 dart slugs
  3 ribbon worms
  9 orcs
  5 bats
  15 endoplasms
  4 giant cockroaches
  4 goblins
  5 hobgoblins
  6 jackals
  2 quokkas
  10 ball pythons
  5 frilled lizards
  11 kobolds
  7 rats
121 creatures vanquished.

Notes
Turn   | Place    | Note
-------+----------+-------------------------------------------
     0 | D:1      | Killerpretzel the Octopode Shapeshifter began the quest for
                  | the Orb.
     0 | D:1      | Reached XP level 1. HP: 13/13 MP: 1/1
   250 | D:1      | Reached XP level 2. HP: 8/18 MP: 2/2
   933 | D:1      | Reached XP level 3. HP: 23/23 MP: 3/3
  1257 | D:2      | Found a faded altar of an unknown god.
  1293 | D:2      | Reached XP level 4. HP: 3/29 MP: 4/4
  1939 | D:3      | Reached skill level 4 in Shapeshifting
  1939 | D:3      | Reached XP level 5. HP: 34/34 MP: 5/5
  2097 | D:3      | Found Joyqat's Magic Scroll Emporium.
  2633 | D:3      | Found an opulent altar of Gozag.
  2645 | D:3      | Found a sacrificial altar of Ru.
  2799 | D:4      | Noticed an ogre
  2877 | D:4      | Found a bloodstained altar of Trog.
  3003 | D:5      | Entered Level 5 of the Dungeon
  3068 | D:5      | Reached XP level 6. HP: 24/41 MP: 6/6
  3188 | D:5      | Noticed an ice beast
  3203 | D:5      | Killed an ice beast
  3204 | D:5      | Reached skill level 5 in Shapeshifting
  3369 | D:5      | Noticed an ice beast
  3383 | D:5      | HP: 1/63 [ice beast (12)]
  3385 | D:5      | Killed an ice beast
  3386 | D:5      | Reached XP level 7. HP: 2/46 MP: 7/7
  3841 | D:5      | Found Wugryrun's Assorted Antiques.
  4052 | D:4      | Found a runed translucent door.
  4053 | D:4      | Noticed Crazy Yiuf
  4484 | D:4      | Found a stormy altar of Qazlal.
  5111 | D:6      | Noticed a wyvern
  5145 | D:6      | Reached XP level 8. HP: 44/54 MP: 8/8
  5211 | D:6      | Killed a wyvern
  5212 | D:6      | Reached skill level 5 in Unarmed Combat
  5212 | D:6      | Reached skill level 6 in Shapeshifting
  5572 | D:6      | Found a staircase to the Ecumenical Temple.
  5581 | Temple   | Entered the Ecumenical Temple
  5600 | Temple   | Became a worshipper of Vehumet
  5701 | D:6      | HP: 2/54 [steam dragon (1)]
  5702 | D:6      | Killed from afar by a steam dragon

Illustrated notes

Levels and vault maps discovered:
D:1:      minmay_arrival_cross, layout_basic, serial_bayou_pond_e,
          hangedman_decor_points, minmay_shallow_snake_nest
D:2:      layout_basic, ebering_ecumenical_altar_petrified, grunt_ministairs_10
D:3:      cheibrodos_helix_gallery, layout_basic,
          amethyst_overflow_temple_binary, serial_shops,
          nicolae_shop_back_alley_shop
D:4:      layout_basic, marbit_many_paths, mainiacjoe_overflow_surrounded_room,
          uniq_crazy_yiuf_cottage
D:5:      nicolae_cairo_tiling_very_big, layout_cave_pools, serial_shops, shop
D:6:      layout_rooms, minmay_temple_entry_statues_pillars,
          nicolae_ossuary_entry_catacombs
Temple:   nicolae_temple_god_jail

Skill      XL: |  1  2  3  4  5  6  7  8 |
---------------+-------------------------+-----
Fighting       | 2 3 4 |  4.5
Shapeshifting  | 4 5 6 |  6.7
Dodging        | 3 4 |  4.9
Unarmed Combat | 4 5 |  5.4

Action                     |  1- 3 |  4- 6 |  7- 9 || total
---------------------------+-------+-------+-------++-------
  Melee: Unarmed           |    49 |   107 |   122 ||   278
         Constrict         |    10 |    20 |    23 ||    53
         Tentacles         |    11 |    22 |    33 ||    66
         Punch             |     2 |       |     2 ||     4
  Throw: Boomerang         |       |     4 |       ||     4
  Evoke: Wand              |       |       |     1 ||     1
    Use: Scroll            |     3 |     7 |     5 ||    15
         Potion            |       |     2 |     1 ||     3
   Stab: Sleeping          |     6 |    10 |     4 ||    20
 Armour: Skin              |    24 |    53 |   203 ||   280
  Dodge: Dodged            |    20 |    44 |    85 ||   149
